 Dungeon Crawl Stone Soup version 0.31.0-11-ge490571c62 (webtiles) character file.

Game seed: 452626435574430703

46771 Minsecho the Thaumaturge (level 14, 0/131 HPs)
             Began as an Oni Fire Elementalist on Feb 10, 2024.
             Was the Champion of Okawaru.
             Succumbed to a black mamba's poison
             ... on level 5 of the Lair of Beasts.
             The game lasted 01:12:03 (20052 turns).

Minsecho the Thaumaturge (Oni Fire Elementalist)   Turns: 20052, Time: 01:12:04

Health: 0/131      AC: 17    Str: 27    XL:     14   Next: 39%
Magic:  18/31      EV: 11    Int: 16    God:    Okawaru [******]
Gold:   1214       SH:  0    Dex:  5    Spells: 22/40 levels left

rFire   + + +        C - staff of fire
rCold   + + .        H - orb {*channel}
rNeg    . . .        K - +3 robe of Hawo {rC+ Str+8 Dex-4 Slay+2}
rPois   +            V - +5 hat of Juedo {rF++ rC+}
rElec   .            U - +0 cloak
rCorr   .            (gloves unavailable)
SInv    .            (boots unavailable)
Will    +....        Z - amulet of the acrobat
Stlth   +++          Q - +4 ring of protection
HPRegen 0.41/turn    z - ring of poison resistance
MPRegen 0.22/turn

%: acrobat, channel magic (20%)
@: lethally poisoned (0 -> -7), heroic
A: large, unfitting armour, horns 2, tough skin 1, double potion healing,
drunken brawling, deterioration 1, inability to read after injury 1
a: Renounce Religion, Heroism, Finesse, Duel


You were on level 5 of the Lair of Beasts.
You worshipped Okawaru.
Okawaru was exalted by your worship.
You visited 2 branches of the dungeon, and saw 18 of its levels.
You also visited: Bailey.

You collected 1396 gold pieces.
You spent 182 gold pieces at shops.

Inventory:

Hand Weapons
 e - a +6 spectral giant spiked club
 f - a +0 mace
 B - a +1 flail of draining
 O - a +2 flail of holy wrath
 P - a +1 whip of venom
Missiles
 a - 3 javelins
 F - a throwing net
 I - 2 curare-tipped darts
 R - 3 datura-tipped darts
 Y - 2 large rocks
Armour
 D - a +2 robe of willpower
 H - an orb of energy (worn)
 K - the +3 robe of Hawo (worn) {rC+ Str+8 Dex-4 Slay+2}
   (You acquired it in a bailey)

   Str+8:     It affects your strength (+8).
   Dex-4:     It affects your dexterity (-4).
   Slay+2:    It affects your accuracy & damage with ranged weapons and melee
   (+2).
   rC+:       It protects you from cold.
 U - a +0 cloak (worn)
 V - the +5 hat of Juedo (worn) {rF++ rC+}
   (Okawaru gifted it to you on level 1 of the Lair of Beasts)

   rF++:      It greatly protects you from fire.
   rC+:       It protects you from cold.
Magical Staves
 C - a staff of fire (weapon)
Jewellery
 d - a ring of fire
 n - an amulet of regeneration
 o - a ring of resist corrosion
 s - a ring of wizardry
 v - a ring of see invisible
 z - a ring of poison resistance (right hand)
 Q - a +4 ring of protection (left hand)
 W - a ring of positive energy
 X - a ring of ice
 Z - an amulet of the acrobat (around neck)
Wands
 m - a wand of roots (8)
 p - a wand of flame (24)
 q - a wand of digging (4)
 E - a wand of light (13)
 T - a wand of mindburst (7)
Scrolls
 c - a scroll of blinking
 g - 7 scrolls of revelation
 h - 3 scrolls of poison
 i - 3 scrolls of teleportation
 j - 5 scrolls of enchant armour
 r - 4 scrolls of vulnerability
 u - 2 scrolls of silence
 w - 2 scrolls of immolation
 y - 3 scrolls of fog
 A - 2 scrolls of amnesia
 N - 2 scrolls of enchant weapon
Potions
 b - 3 potions of magic
 k - 2 potions of might
 l - 5 potions of enlightenment
 t - 4 potions of attraction
 x - a potion of brilliance
 J - a potion of haste
 M - a potion of cancellation
 S - a potion of degeneration


   Skills:
 * Level 6.9(11.9) Fighting
 * Level 9.9(14.9) Maces & Flails
 * Level 6.8(11.8) Throwing
 + Level 6.3(11.3) Armour
 + Level 5.0(10.0) Dodging
 - Level 3.1(8.1) Stealth
 + Level 13.8 Spellcasting
 + Level 6.1 Conjurations
 + Level 1.4 Hexes
 + Level 10.3 Fire Magic
 + Level 8.1 Invocations
 + Level 0.2 Evocations


You had 22 spell levels left.
You knew the following spells:

 Your Spells              Type           Power      Damage    Failure   Level
a - Foxfire               Conj/Fire      100%       2x1d9     2%          1
b - Volatile Blastmotes   Fire/Tloc      82%        2d16      9%          3
c - Scorch                Fire           100%       2d9       1%          2
d - Inner Flame           Hex/Fire       44%        N/A       7%          3
e - Flame Wave            Conj/Fire      54%        2d13      8%          4
f - Ozocubu's Armour      Ice            11%        N/A       38%         3
h - Ensorcelled Hibernat  Hex/Ice        26%        N/A       19%         2

Your spell library contained the following spells:

 Spells                   Type           Power      Damage    Failure   Level
 Jinxbite                 Hex            30%        N/A       16%         2
 Stone Arrow              Conj/Erth      40%        3d9       16%         3
 Fugue of the Fallen      Necr           11%        N/A       38%         3
 Anguish                  Hex/Necr       6%         N/A       63%         4
 Metabolic Englaciation   Hex/Ice        6%         N/A       90%         5
 Yara's Violent Unravell  Hex/Alch       6%         3d5       90%         5
 Enfeeble                 Hex            7%         N/A       100%        7
 Lehudib's Crystal Spear  Conj/Erth      10%        10d4      100%        8
 Animate Armour           Summ/Erth      Unusable   N/A       N/A         4
 Sculpt Simulacrum        Ice/Alch       Unusable   N/A       N/A         6

Dungeon Overview and Level Annotations

Branches:
Dungeon (13/15)            Temple (0/1) D:7            Lair (5/5) D:10
  Swamp (0/4) Lair:3       Spider (0/4) Lair:3        Slime (0/5) Lair:4
    Orc (0/2) D:9          Vaults (0/5) D:13         Bailey (visited)

Altars:
Cheibriados
Dithmenos
Gozag
Hepliaklqana
Kikubaaqudgha
Makhleb
Okawaru
Ru
Sif Muna
Uskayaw
The Shining One
Jiyva

Shops:
D:1 (   D:4 ?

Portals:
Trove: D:11 (give +8 demon whip)

Annotations:
D:8 3 runed translucent doors, unrecovered's ghost, novice GrFi
Lair:1 2 transporters, uncleiroh's ghost, journeyman MiBe


Innate Abilities, Weirdness & Mutations

You are too large for most types of armour.
You have a pair of horns on your head.
You have tough skin. (AC +1)
You gain doubled healing and magic from potions.
Whenever you drink a healing potion, you attack all around you.
Your body sometimes deteriorates upon taking damage.
You occasionally lose the ability to read scrolls when taking damage.


Message History

Press: ? - help, Dir - move target, p - black mamba
As you read the scroll labelled VUC KIFANUROM, it crumbles to dust.
It was a scroll of blinking.
* * * LOW HITPOINT WARNING * * *
You feel very sick.
Okay, then.
You feel extremely strange.
You feel stronger.
You feel clever.
You feel resistant to heat.
* * * LOW HITPOINT WARNING * * *
You feel very sick.
Okay, then.
Okay, then.
Unknown command.
Okay, then.
Okay, then.
Okay, then.
Unknown command.
Blink to where?
Press: ? - help, Dir - move target
As you read the scroll of blinking, it crumbles to dust.
* * * LOW HITPOINT WARNING * * *
You feel very sick.
You feel extremely strange.
You feel weaker.
You no longer feel heat resistant.
You feel stupid.
You feel yourself wasting away.
You occasionally lose the ability to read scrolls when taking damage.
The horns on your head grow some more.
* * * LOW HITPOINT WARNING * * *
You feel very sick.
Blink to where?
Press: ? - help, Dir - move target A komodo dragon comes into view.
Found a scroll labelled YCOZUCLUPTU.
As you read the scroll of blinking, it crumbles to dust.
* * * LOW HITPOINT WARNING * * *
You feel sick.
The air fills with toxic fumes!
As you read the scroll labelled YCOZUCLUPTU, it crumbles to dust.
It was a scroll of poison.
You die...

.P......P.P...♣#. §§
#§§§§§§§§§§.P...♣.##
§§#♣#§§§§§§§P8§....P....
§§§§♣§§§P§8§P§§.8.......
#§§§§P§§§§§§§§§.......P.
§§§§§§§§P§§P§§§.........
#§§§§§§§§8P§§§§..8......
#§§§§§§§§§§§§§.........
♣§P@§§§§§§§...P.....
♣§§§§§8P§§§.8.....♣#
§§§♣§§§§§§P8§ .P.P♣ §§§§
§§§§§§§§P§ .... §§§
§♣P§§§§§§§§ ... #§
§§#♣§♣§§§§§§ .. § §§
#l§§§P§P§ §## #§§#§§§§§


You could see a komodo dragon (wandering).

Vanquished Creatures
  Fannar (Lair:2)
  5 hydras
  2 boulder beetles
  2 two-headed ogres (D:9)
  5 death yaks (Lair:5)
  2 skysharks
  An arcanist (D:12)
  An orc knight (Bailey)
  A manticore (D:12)
  An orc sorcerer (Bailey)
  A cyclops (D:12)
  Maurice (D:10)
  2 oklob plants (Lair:2)
  A meliai (shapeshifter) (D:10)
  A meliai (D:12)
  4 black mambas
  6 elephants
  9 cane toads
  Jeremiah (D:8)
  A torpor snail (Lair:4)
  A gargoyle (D:9)
  3 kobold demonologists
  Maggie (D:8)
  2 rime drakes
  5 komodo dragons
  6 trolls
  A tyrant leech (Lair:3)
  4 hornets
  4 polar bears
  17 blink frogs
  A slime creature (Lair:4)
  3 dream sheep
  A centaur simulacrum (D:10)
  A culicivora (Lair:3)
  5 wraiths
  5 basilisks
  A spriggan (Lair:5)
  A shadow (D:11)
  34 yaks
  5 wyverns
  A redback (Lair:3)
  A steam dragon (D:8)
  2 vampire mosquitoes
  2 swamp worms (Lair:3)
  14 water moccasins
  17 orc warriors
  A sky beast (D:7)
  2 ice beasts
  2 black bears (D:8)
  An ogre (D:5)
  4 wolves
  8 centaurs
  5 kobold brigands
  12 bullfrogs
  2 gnoll sergeants
  3 scorpions
  3 wights (D:7)
  6 killer bees (D:9)
  A howler monkey (D:8)
  6 electric eels
  5 orc priests
  5 hounds
  10 jellies
  A gnoll bouda (D:8)
  A sleepcap (D:7)
  6 iguanas
  18 orc wizards
  5 adders
  16 gnolls
  A shadow imp (D:8)
  4 white imps
  2 ribbon worms
  2 dart slugs
  31 orcs
  18 endoplasms
  2 giant cockroaches
  13 goblins
  6 hobgoblins
  5 jackals
  5 quokkas
  3 ball pythons
  7 bats
  4 frilled lizards
  18 kobolds
  6 rats
436 creatures vanquished.

Vanquished Creatures (collateral kills)
  2 foxfires
2 creatures vanquished.

Vanquished Creatures (others)
  762 foxfires
762 creatures vanquished.

Grand Total: 1200 creatures vanquished

Notes
Turn   | Place    | Note
-------+----------+-------------------------------------------
     0 | D:1      | Minsecho the Oni Fire Elementalist began the quest for the
                  | Orb.
     0 | D:1      | Reached XP level 1. HP: 16/16 MP: 3/3
   233 | D:1      | Reached XP level 2. HP: 24/24 MP: 2/5
   613 | D:1      | Reached skill level 1 in Invocations
   683 | D:1      | Found Plog's Weapon Shoppe.
   806 | D:1      | Reached XP level 3. HP: 31/31 MP: 5/7
  1138 | D:1      | Reached skill level 3 in Spellcasting
  1211 | D:2      | Reached skill level 1 in Conjurations
  1291 | D:2      | Learned a level 2 spell: Scorch
  1295 | D:2      | Learned a level 3 spell: Volatile Blastmotes
  1313 | D:2      | Reached XP level 4. HP: 39/40 MP: 1/8
  1890 | D:3      | Reached XP level 5. HP: 43/46 MP: 1/10
  2169 | D:3      | Reached skill level 1 in Maces & Flails
  2499 | D:3      | Reached skill level 4 in Spellcasting
  2962 | D:4      | Reached XP level 6. HP: 54/54 MP: 2/12
  3195 | D:4      | Found Oheitwoj's Magic Scroll Emporium.
  3204 | D:4      | Bought a scroll of teleportation for 42 gold pieces
  3204 | D:4      | Bought a scroll of identify for 28 gold pieces
  3204 | D:4      | Bought a scroll of fog for 56 gold pieces
  3237 | D:4      | Bought a scroll of vulnerability for 56 gold pieces
  3268 | D:4      | Reached skill level 1 in Fighting
  3397 | D:5      | Entered Level 5 of the Dungeon
  3497 | D:5      | Found a shimmering blue altar of Sif Muna.
  3498 | D:5      | Found an iron altar of Okawaru.
  3499 | D:5      | Found an opulent altar of Gozag.
  3499 | D:5      | Noticed an ice beast
  3504 | D:5      | Killed an ice beast
  3505 | D:5      | Found a shadowy altar of Dithmenos.
  3505 | D:5      | Found a glowing golden altar of the Shining One.
  3507 | D:5      | Found an ancient bone altar of Kikubaaqudgha.
  3507 | D:5      | Found a sacrificial altar of Ru.
  3509 | D:5      | Found a hazy altar of Hepliaklqana.
  3512 | D:5      | Became a worshipper of Warmaster Okawaru
  3547 | D:5      | Reached XP level 7. HP: 62/62 MP: 13/13
  3821 | D:5      | Reached skill level 5 in Spellcasting
  4029 | D:5      | Reached * piety under Okawaru
  4271 | D:5      | Reached XP level 8. HP: 67/70 MP: 0/16
  5132 | D:7      | Found a staircase to the Ecumenical Temple.
  5160 | D:7      | Reached skill level 6 in Spellcasting
  5210 | D:7      | Reached skill level 5 in Fire Magic
  5232 | D:7      | Reached ** piety under Okawaru
  6197 | D:7      | Reached skill level 1 in Armour
  6275 | D:7      | Reached XP level 9. HP: 76/76 MP: 16/19
  6558 | D:8      | Found a runed translucent gate.
  6558 | D:8      | Found a runed translucent gate.
  6558 | D:8      | Found a runed translucent gate.
  6569 | D:8      | Reached skill level 7 in Spellcasting
  6569 | D:8      | Reached skill level 5 in Invocations
  6615 | D:8      | Noticed unrecovered's ghost (novice GrFi)
  6715 | D:8      | Noticed Jeremiah
  6752 | D:8      | HP: 1/102 [Jeremiah/divine providence (14)]
  6753 | D:8      | Killed Jeremiah
  6857 | D:8      | Found a hide-covered altar of Uskayaw.
  7037 | D:8      | Noticed a hornet
  7041 | D:8      | Paralysed by a hornet for 1 turns
  7044 | D:8      | Killed a hornet
  7062 | D:8      | Noticed Maggie
  7063 | D:8      | Reached skill level 8 in Spellcasting
  7096 | D:8      | Reached *** piety under Okawaru
  7128 | D:8      | Killed Maggie
  7129 | D:8      | Reached XP level 10. HP: 10/87 MP: 8/22
  7200 | D:8      | Reached skill level 5 in Maces & Flails
  7437 | D:8      | Reached **** piety under Okawaru
  7693 | D:9      | Reached skill level 9 in Spellcasting
  7693 | D:9      | Noticed a gargoyle
  7710 | D:9      | Killed a gargoyle
  7763 | D:9      | Found a staircase to the Orcish Mines.
  7893 | D:9      | Found a flagged portal.
  7903 | Bailey   | Entered a bailey
  8053 | Bailey   | Learned a level 3 spell: Inner Flame
  8058 | Bailey   | Learned a level 4 spell: Flame Wave
  8095 | Bailey   | Noticed an orc knight
  8102 | Bailey   | Killed an orc knight
  8186 | Bailey   | Reached ***** piety under Okawaru
  8239 | Bailey   | Noticed a kobold demonologist
  8249 | Bailey   | Killed a kobold demonologist
  8421 | Bailey   | Reached XP level 11. HP: 84/93 MP: 15/24
  8603 | Bailey   | Noticed an orc sorcerer
  8617 | Bailey   | Killed an orc sorcerer
  8619 | Bailey   | Reached skill level 10 in Spellcasting
  8678 | Bailey   | Found an iron altar of Okawaru.
  8722 | Bailey   | Acquired the +3 robe of Hawo {rC+ Str+8 Dex-4 Slay+2}
  9002 | D:9      | Noticed a two-headed ogre
  9011 | D:9      | Killed a two-headed ogre
  9071 | D:9      | Noticed a two-headed ogre
  9077 | D:9      | Killed a two-headed ogre
  9077 | D:9      | Received a gift from Okawaru
  9449 | D:9      | Learned a level 2 spell: Ensorcelled Hibernation
  9453 | D:9      | Learned a level 3 spell: Ozocubu's Armour
  9464 | D:10     | Entered Level 10 of the Dungeon
  9475 | D:10     | Reached skill level 5 in Conjurations
  9975 | D:10     | Reached skill level 5 in Armour
  9977 | D:10     | Received a gift from Okawaru
 10148 | D:10     | Reached skill level 1 in Throwing
 10306 | D:10     | Noticed Maurice
 10310 | D:10     | Killed Maurice
 10375 | D:10     | Found a staircase to the Lair.
 10571 | D:10     | Identified the +7 arbalest of the Fortifying Gods {drain,
                  | rElec Str+8 Int-4 Dex-5}
 10666 | D:10     | Found a burning altar of Makhleb.
 10821 | D:11     | Noticed a boulder beetle
 11016 | D:11     | Reached XP level 12. HP: 91/104 MP: 19/26
 11658 | D:11     | Found a portal to a secret trove of treasure.
 11843 | D:12     | Reached skill level 11 in Spellcasting
 11948 | D:12     | Reached ****** piety under Okawaru
 11953 | D:12     | Acquired a +6 spectral giant spiked club
 11953 | D:12     | Received a gift from Okawaru
 12229 | D:12     | Received a gift from Okawaru
 12281 | D:12     | Reached skill level 1 in Hexes
 12470 | D:13     | Found a gate to the Vaults.
 12470 | D:13     | Noticed a centaur warrior
 12470 | D:13     | Noticed a vault guard
 12470 | D:13     | Noticed a vault guard
 12470 | D:13     | Noticed a vault guard
 12470 | D:13     | Noticed a vault guard
 12470 | D:13     | Noticed a tengu warrior
 12583 | Lair:1   | Entered Level 1 of the Lair of Beasts
 12598 | Lair:1   | Acquired the +5 hat of Juedo {rF++ rC+}
 12598 | Lair:1   | Received a gift from Okawaru
 12988 | Lair:1   | Noticed a thrashing horror
 13015 | Lair:1   | Found a transporter.
 13015 | Lair:1   | Noticed uncleiroh's ghost (journeyman MiBe)
 13107 | Lair:1   | Noticed a boulder beetle
 13140 | Lair:1   | Killed a boulder beetle
 13140 | Lair:1   | Received a gift from Okawaru
 13679 | Lair:1   | Found a transporter.
 13686 | Lair:1   | Noticed a soul eater
 13912 | Lair:2   | Identified the +1 robe of Focus {rC++}
 13912 | Lair:2   | Noticed Fannar
 13922 | Lair:2   | Killed Fannar
 13923 | Lair:2   | Reached skill level 12 in Spellcasting
 13923 | Lair:2   | Reached XP level 13. HP: 108/113 MP: 11/29
 13926 | Lair:2   | Reached skill level 5 in Throwing
 14128 | Lair:2   | Found a snail-covered altar of Cheibriados.
 14845 | Lair:2   | Received a gift from Okawaru
 15641 | Lair:3   | Found a hole to the Spider Nest.
 15706 | Lair:3   | Identified the blade talisman of a bazaar {Str-3 Int+5}
 15932 | Lair:3   | Found a staircase to the Swamp.
 16686 | Lair:3   | Received a gift from Okawaru
 16687 | Lair:3   | Reached skill level 5 in Fighting
 17424 | Lair:3   | Reached skill level 13 in Spellcasting
 18043 | Lair:4   | Received a gift from Okawaru
 18117 | Lair:4   | Reached skill level 10 in Fire Magic
 18117 | Lair:4   | Reached XP level 14. HP: 114/128 MP: 19/31
 18595 | Lair:4   | Found a viscous altar of Jiyva.
 18595 | Lair:4   | Found a staircase to the Slime Pits.
 19144 | Lair:5   | Entered Level 5 of the Lair of Beasts
 19393 | Lair:5   | Received a gift from Okawaru
 19398 | Lair:5   | HP: 1/131 [death yak (19)]
 20018 | Lair:5   | Reached skill level 5 in Dodging
 20048 | Lair:5   | Gained mutation: Your muscles are strong. (Str +4, Int/Dex
                  | -1) [potion of mutation]
 20048 | Lair:5   | Gained mutation: Your mind is acute. (Int +4, Str/Dex -1)
                  | [potion of mutation]
 20048 | Lair:5   | Gained mutation: Your flesh is heat resistant. (rF+)
                  | [potion of mutation]
 20049 | Lair:5   | HP: 6/131 [poisoned by a black mamba]
 20050 | Lair:5   | Lost mutation: Your muscles are strong. (Str +4, Int/Dex
                  | -1) [potion of mutation]
 20050 | Lair:5   | Lost mutation: Your flesh is heat resistant. (rF+) [potion
                  | of mutation]
 20050 | Lair:5   | Lost mutation: Your mind is acute. (Int +4, Str/Dex -1)
                  | [potion of mutation]
 20050 | Lair:5   | Gained mutation: Your body sometimes deteriorates upon
                  | taking damage. [potion of mutation]
 20050 | Lair:5   | Gained mutation: You occasionally lose the ability to read
                  | scrolls when taking damage. [potion of mutation]
 20050 | Lair:5   | Gained mutation: You have a pair of horns on your head.
                  | [potion of mutation]
 20051 | Lair:5   | HP: 1/131 [poisoned by a black mamba]
 20052 | Lair:5   | Succumbed to a black mamba's poison

Illustrated notes

Levels and vault maps discovered:
D:1:      saegor_arrival_fortress, layout_basic, serial_shops, shop
D:2:      layout_rooms, corner_web_ring, kennysheep_generic_room_10
D:3:      layout_basic
D:4:      layout_rooms, serial_shops, nicolae_shop_tiny_waterfront,
          minmay_misc_feat_tiny
D:5:      layout_rooms, grunt_temple_overflow_open
D:6:      layout_cave_pools
D:7:      layout_loops_corners, minmay_temple_entry_glassed_door,
          minmay_tree_intersection
D:8:      cheibrodos_fzero, layout_basic, nicolae_uskayaw_suspiria,
          gammafunk_ghost_necromancy, uniq_jeremiah, uniq_maggie
D:9:      layout_big_octagon, orc_0_dummy, enter_bailey_2
D:10:     layout_cave_pools, kennysheep_mini, david_lair_generic,
          minmay_misc_feat_x, minmay_three_doors, uniq_maurice
D:11:     layout_roguey, enter_trove_6, chequers_garden
D:12:     minmay_diamond_stairs, layout_rooms, chequers_mini_garden
D:13:     layout_loops_corners, lightli_vaults_fourway_checkpoint,
          hangedman_decor_opposing, dreamdust_princess_corridor
Lair:1:   layout_gridlike, gammafunk_ghost_abyssal_escape, st_stairs_3,
          small_statue_intersection
Lair:2:   layout_misc_corridors, nicolae_lair_lil_pond, lemuel_oklob_altar,
          uniq_fannar
Lair:3:   layout_regular_city, palyth_hydra_swamp_entry,
          spider_nest_entry_funnel_web, serial_bayou, serial_bayou_ford_a,
          serial_bayou_lagoon_a, serial_bayou_pond_a, serial_bayou_crossing,
          st_stairs_7
Lair:4:   lemuel_slime, layout_loops_ring, dpeg_slime_entry_corner
Lair:5:   cheibrodos_lair_end_hotspot, layout_layer_cave,
          grunt_forest_large_clearings, uniq_rupert

Skill      XL: |  1  2  3  4  5  6  7  8  9 10 11 12 13 14 |
---------------+-------------------------------------------+-----
Dodging        | 2 3 4 5 |  5.0
Invocations    | 1 2 3 4 5 6 8 |  8.1
Fire Magic     | 3 4 5 6 7 8 10 | 10.3
Spellcasting   | 3 4 5 6 8 9 10 12 13 | 13.8
Conjurations   | 1 2 3 4 5 6 |  6.1
Maces & Flails | 1 2 3 4 5 7 8 9 |  9.9
Fighting       | 1 2 3 5 6 |  6.9
Stealth        | 2 3 |  3.1
Armour         | 1 2 4 5 6 |  6.3
Throwing       | 1 4 6 |  6.8
Hexes          | 1 |  1.4
Evocations     | |  0.2

Action                     |  1- 3 |  4- 6 |  7- 9 | 10-12 | 13-15 || total
---------------------------+-------+-------+-------+-------+-------++-------
  Melee: Unarmed           |     3 |       |       |       |       ||     3
         Headbutt          |     7 |     5 |    13 |    17 |    10 ||    52
         Mace              |    47 |     6 |       |       |       ||    53
         Falchion          |       |    23 |    16 |       |       ||    39
         Staff             |       |       |    51 |    66 |    46 ||   163
         Punch             |       |       |     1 |       |       ||     1
         Flail             |       |       |       |     6 |       ||     6
  Throw: Dart              |       |       |     2 |       |       ||     2
   Cast: Foxfire           |    40 |    66 |    78 |   213 |    44 ||   441
         Scorch            |       |    14 |    97 |   195 |   184 ||   490
         Volatile Blastmot |       |       |     1 |     1 |       ||     2
         Flame Wave        |       |       |       |    28 |    50 ||    78
         Inner Flame       |       |       |       |    17 |     8 ||    25
         Ozocubu's Armour  |       |       |       |     1 |     1 ||     2
 Invoke: Heroism           |       |       |     2 |     3 |     2 ||     7
         Finesse           |       |       |       |     1 |       ||     1
         Receive Weapon    |       |       |       |     1 |       ||     1
         Receive Armour    |       |       |       |     1 |       ||     1
  Evoke: Wand              |       |       |     4 |     3 |     2 ||     9
    Use: Potion            |     1 |       |     5 |     3 |     2 ||    11
         Scroll            |       |     4 |     6 |    14 |     6 ||    30
   Stab: Invisible         |       |       |     1 |       |       ||     1
         Sleeping          |       |       |       |       |     1 ||     1
 Armour: Robe              |    58 |    26 |    96 |   303 |   380 ||   863
  Dodge: Dodged            |    41 |    20 |    52 |   124 |   213 ||   450
